 Dungeon Crawl Stone Soup version 0.18.1-48-g4cf74bf (webtiles) character file.

143 Mesmaeker13 the Caller (level 5, 0/35 HPs)
             Began as a Merfolk Summoner on July 5, 2016.
             Splashed by a jelly's acid (7 damage)
             ... on level 5 of the Dungeon.
             The game lasted 00:09:58 (4487 turns).

Mesmaeker13 the Caller (Merfolk Summoner)           Turns: 4487, Time: 00:10:01

Health: 0/35       AC:  0    Str: 10    XL:     5   Next: 25%
Magic:  5/8        EV: 14    Int: 14    God:
Gold:   138        SH:  0    Dex: 14    Spells: 3 memorised, 2 levels left

rFire  + . .     SeeInvis .     d - +0 spear
rCold  . . .     Gourm    .     l - +0 robe (curse)
rNeg   . . .     Faith    .     (no shield)
rPois  +         Spirit   .     (no helmet)
rElec  .         Dismiss  .     (no cloak)
rCorr  .         Reflect  .     x - +1 pair of gloves
SustAt .         Harm     .     (no boots)
MR     .....                    (no amulet)
Stlth  ++........               w - ring of protection from fire
                                g - ring of poison resistance

@: corroded, not resistant to hostile enchantments, unstealthy
A: change form in water, swift swim
a: no special abilities


You were on level 5 of the Dungeon.
You were hungry.

You visited 1 branch of the dungeon, and saw 5 of its levels.

You collected 138 gold pieces.

Inventory:

Hand Weapons
 d - a +0 spear (weapon)
 q - a +0 dagger of venom
 u - a +0 blowgun
Missiles
 t - 22 poisoned needles
Armour
 a - a +0 robe
 i - a +2 ring mail of poison resistance
 l - a cursed +0 robe (worn)
 p - a +0 leather armour
 x - a +1 pair of gloves (worn)
Jewellery
 g - a ring of poison resistance (left hand)
 o - a +2 ring of strength
 w - a ring of protection from fire (right hand)
Scrolls
 n - a scroll of amnesia
 r - 2 scrolls of magic mapping
 v - a scroll of fog
Potions
 e - a potion of might
 f - 4 potions of heal wounds
 h - a potion of flight {unknown}
 m - 2 potions of brilliance
 s - 2 potions of lignification {unknown}
Books
 b - a book of Callings

   Spells                             Type                      Level
   a - Summon Small Mammal            Summoning                    1
   b - Call Imp                       Summoning                    2
   c - Call Canine Familiar           Summoning                    3
   d - Summon Guardian Golem          Hexes/Summoning              3
   e - Summon Lightning Spire         Summoning/Air                4
   f - Summon Ice Beast               Ice/Summoning                4
Comestibles
 c - 2 bread rations
 j - 3 meat rations


   Skills:
 + Level 3.1 Polearms
 + Level 4.8 Dodging
 - Level 2.1 Stealth
 - Level 2.0 Spellcasting
 + Level 5.0 Summonings


You had 2 spell levels left.
You knew the following spells:

 Your Spells              Type           Power        Failure   Level  Hunger
a - Summon Small Mammal   Summ           ###.         2%          1    ##.....
b - Call Imp              Summ           ###.....     4%          2    ###....
c - Call Canine Familiar  Summ           ###.....     10%         3    ####...


Dungeon Overview and Level Annotations

Branches:
Dungeon (5/15)
 Temple: D:4-7

Altars:
Fedhas
Kikubaaqudgha
Nemelex Xobeh
Qazlal
Sif Muna
Yredelemnul

Annotations:
D:1 Terence
D:4 hairmachine's ghost, amateur HEHu


Message History

The acid corrodes your quokka!
Your quokka dies!
Your quokka's corpse disappears in a puff of smoke!
Attack whom?
Press: ? - help, Dir - move target cursor, f/p - jelly
Aim: a jelly (heavily wounded)
You reach to attack!
You barely miss the jelly.
The jelly is heavily wounded.
Casting: Summon Small Mammal
Confirm with . or Enter, or press ? or * to list all spells.
The jelly hits you.
You are splashed with acid!
The acid burns!
* * * LOW HITPOINT WARNING * * *
Casting: Summon Small Mammal
Confirm with . or Enter, or press ? or * to list all spells.
Your quokka bites the jelly.
Your quokka is burned by acid!
The jelly hits you.
* * * LOW HITPOINT WARNING * * *
You are splashed with acid!
The acid burns!
You die...

## .. .#
.# ##.#
#r. #.#
#@# #J#
#r# #.#
#.# #.#
#.# #
#.#.#..##
#<..Z....


You could see a jelly and 2 friendly quokkas.

Vanquished Creatures
  2 adders
  A worm (D:4)
  3 dart slugs (D:3)
  A giant gecko (D:1)
  An orc (D:3)
  5 giant cockroaches
  10 goblins
  6 hobgoblins
  A quokka (D:4)
  3 bats
  3 giant newts
  A jackal skeleton (D:4)
  10 kobolds
  5 rats
52 creatures vanquished.

Vanquished Creatures (collateral kills)
  A hound (D:4)
  Jessica (D:2)
  3 adders
  An ooze (D:1)
  2 dart slugs (D:1)
  An orc (D:3)
  2 goblins
  2 hobgoblins (D:1)
  2 jackals (D:3)
  A bat (D:1)
  2 kobolds
18 creatures vanquished.

Vanquished Creatures (others)
  A kobold (D:3)
1 creature vanquished.

Grand Total: 71 creatures vanquished

Notes
Turn   | Place    | Note
--------------------------------------------------------------
     0 | D:1      | Mesmaeker13 the Merfolk Summoner began the quest for the Orb.
     0 | D:1      | Reached XP level 1. HP: 13/13 MP: 3/3
   176 | D:1      | Reached XP level 2. HP: 16/19 MP: 3/5
  1294 | D:1      | Reached XP level 3. HP: 22/24 MP: 4/6
  1511 | D:2      | Noticed Terence
  1555 | D:2      | Found a basalt altar of Yredelemnul.
  1832 | D:2      | Reached skill level 1 in Polearms
  2119 | D:2      | Learned a level 2 spell: Call Imp
  2427 | D:2      | Noticed Jessica
  2435 | D:2      | Killed Jessica
  2435 | D:2      | Reached XP level 4. HP: 30/30 MP: 1/7
  2734 | D:3      | Learned a level 3 spell: Call Canine Familiar
  3217 | D:3      | Found an ancient bone altar of Kikubaaqudgha.
  3217 | D:3      | Found a blossoming altar of Fedhas.
  3740 | D:3      | Found a deep blue altar of Sif Muna.
  3740 | D:3      | Found a sparkling altar of Nemelex Xobeh.
  3741 | D:3      | Found a basalt altar of Yredelemnul.
  3821 | D:3      | Found a stormy altar of Qazlal.
  3915 | D:4      | Reached skill level 5 in Summonings
  3915 | D:4      | Reached XP level 5. HP: 8/35 MP: 3/8
  4285 | D:4      | Noticed an ogre
  4417 | D:4      | Noticed hairmachine's ghost (amateur HEHu)
  4462 | D:5      | Entered Level 5 of the Dungeon
  4487 | D:5      | Splashed by a jelly's acid

Skill      XL: |  1  2  3  4 |
---------------+-------------+-----
Dodging        | 3 4 |  4.8
Polearms       | 2 3 |  3.1
Summonings     | 5 |  5.0
Stealth        | |  2.1
Spellcasting   | |  2.0

Action                   |  1- 3 |  4- 6 || total
-------------------------+-------+-------++-------
Melee: Club              |    48 |       ||    48
       Unarmed           |     6 |       ||     6
       Spear             |    65 |   161 ||   226
       Dagger            |     7 |       ||     7
 Cast: Summon Small Mamm |    16 |    10 ||    26
       Call Imp          |     3 |     5 ||     8
       Call Canine Famil |       |     1 ||     1
  Use: Scroll            |     2 |     5 ||     7
 Stab: Sleeping          |     4 |     6 ||    10
       Distracted        |     1 |     2 ||     3
  Eat: Chunk             |     5 |     7 ||    12
Armor: Robe              |    16 |    18 ||    34
Dodge: Dodged            |    91 |    91 ||   182
